%YAML 1.1
%TAG !u! tag:unity3d.com,2011:
--- !u!1 &612431679
GameObject:
  m_ObjectHideFlags: 0
  m_CorrespondingSourceObject: {fileID: 0}
  m_PrefabInstance: {fileID: 0}
  m_PrefabAsset: {fileID: 0}
  serializedVersion: 6
  m_Component:
  - component: {fileID: 612431680}
  m_Layer: 0
  m_Name: AppsFlyerTrackerCallbacks
  m_TagString: Untagged
  m_Icon: {fileID: 0}
  m_NavMeshLayer: 0
  m_StaticEditorFlags: 0
  m_IsActive: 1
--- !u!4 &612431680
Transform:
  m_ObjectHideFlags: 0
  m_CorrespondingSourceObject: {fileID: 0}
  m_PrefabInstance: {fileID: 0}
  m_PrefabAsset: {fileID: 0}
  m_GameObject: {fileID: 612431679}
  m_LocalRotation: {x: 0, y: 0, z: 0, w: 1}
  m_LocalPosition: {x: 0, y: 0, z: 0}
  m_LocalScale: {x: 1, y: 1, z: 1}
  m_Children: []
  m_Father: {fileID: 382774411836292041}
  m_RootOrder: 0
  m_LocalEulerAnglesHint: {x: 0, y: 0, z: 0}
--- !u!1 &382774411836292042
GameObject:
  m_ObjectHideFlags: 0
  m_CorrespondingSourceObject: {fileID: 0}
  m_PrefabInstance: {fileID: 0}
  m_PrefabAsset: {fileID: 0}
  serializedVersion: 6
  m_Component:
  - component: {fileID: 382774411836292041}
  - component: {fileID: 382774411836292040}
  - component: {fileID: 8377876271094290144}
  - component: {fileID: 8377876271094290145}
  - component: {fileID: 8377876271094290174}
  - component: {fileID: 8377876271094290175}
  - component: {fileID: 8377876271094290172}
  m_Layer: 0
  m_Name: SDKs
  m_TagString: Untagged
  m_Icon: {fileID: 0}
  m_NavMeshLayer: 0
  m_StaticEditorFlags: 0
  m_IsActive: 1
--- !u!4 &382774411836292041
Transform:
  m_ObjectHideFlags: 0
  m_CorrespondingSourceObject: {fileID: 0}
  m_PrefabInstance: {fileID: 0}
  m_PrefabAsset: {fileID: 0}
  m_GameObject: {fileID: 382774411836292042}
  m_LocalRotation: {x: 0, y: 0, z: 0, w: 1}
  m_LocalPosition: {x: 0, y: 0, z: 0}
  m_LocalScale: {x: 1, y: 1, z: 1}
  m_Children:
  - {fileID: 612431680}
  m_Father: {fileID: 382774412989491182}
  m_RootOrder: 0
  m_LocalEulerAnglesHint: {x: 0, y: 0, z: 0}
--- !u!114 &382774411836292040
MonoBehaviour:
  m_ObjectHideFlags: 0
  m_CorrespondingSourceObject: {fileID: 0}
  m_PrefabInstance: {fileID: 0}
  m_PrefabAsset: {fileID: 0}
  m_GameObject: {fileID: 382774411836292042}
  m_Enabled: 1
  m_EditorHideFlags: 0
  m_Script: {fileID: 11500000, guid: eee6d6beed5e64114b7c84e736b94c24, type: 3}
  m_Name: 
  m_EditorClassIdentifier: 
--- !u!114 &8377876271094290144
MonoBehaviour:
  m_ObjectHideFlags: 0
  m_CorrespondingSourceObject: {fileID: 0}
  m_PrefabInstance: {fileID: 0}
  m_PrefabAsset: {fileID: 0}
  m_GameObject: {fileID: 382774411836292042}
  m_Enabled: 1
  m_EditorHideFlags: 0
  m_Script: {fileID: 11500000, guid: b352593fe737646a6bb0203ea8dc58fe, type: 3}
  m_Name: 
  m_EditorClassIdentifier: 
--- !u!114 &8377876271094290145
MonoBehaviour:
  m_ObjectHideFlags: 0
  m_CorrespondingSourceObject: {fileID: 0}
  m_PrefabInstance: {fileID: 0}
  m_PrefabAsset: {fileID: 0}
  m_GameObject: {fileID: 382774411836292042}
  m_Enabled: 1
  m_EditorHideFlags: 0
  m_Script: {fileID: 11500000, guid: 43a7dd904efaf40f2861741bc05250b1, type: 3}
  m_Name: 
  m_EditorClassIdentifier: 
--- !u!114 &8377876271094290174
MonoBehaviour:
  m_ObjectHideFlags: 0
  m_CorrespondingSourceObject: {fileID: 0}
  m_PrefabInstance: {fileID: 0}
  m_PrefabAsset: {fileID: 0}
  m_GameObject: {fileID: 382774411836292042}
  m_Enabled: 1
  m_EditorHideFlags: 0
  m_Script: {fileID: 11500000, guid: 44548c7c8f09d4ed2a63c0ec2184ddba, type: 3}
  m_Name: 
  m_EditorClassIdentifier: 
  devKey: r9vNC83N8nYpCzYGigyjUh
  appIdIOs: 1499522359
  isDebug: 1
--- !u!114 &8377876271094290175
MonoBehaviour:
  m_ObjectHideFlags: 0
  m_CorrespondingSourceObject: {fileID: 0}
  m_PrefabInstance: {fileID: 0}
  m_PrefabAsset: {fileID: 0}
  m_GameObject: {fileID: 382774411836292042}
  m_Enabled: 1
  m_EditorHideFlags: 0
  m_Script: {fileID: 11500000, guid: fb359b29e015f4ba5a712d8ddebbde1b, type: 3}
  m_Name: 
  m_EditorClassIdentifier: 
  flurryAndroidApiKey: 
  flurryIosApiKey: 
--- !u!114 &8377876271094290172
MonoBehaviour:
  m_ObjectHideFlags: 0
  m_CorrespondingSourceObject: {fileID: 0}
  m_PrefabInstance: {fileID: 0}
  m_PrefabAsset: {fileID: 0}
  m_GameObject: {fileID: 382774411836292042}
  m_Enabled: 1
  m_EditorHideFlags: 0
  m_Script: {fileID: 11500000, guid: d313082cedfab48a291692534597f606, type: 3}
  m_Name: 
  m_EditorClassIdentifier: 
  publisherKey: Q2VWXVRY1DWGVPZGTJENMPVHXEJAFQRX
--- !u!1 &382774412989491169
GameObject:
  m_ObjectHideFlags: 0
  m_CorrespondingSourceObject: {fileID: 0}
  m_PrefabInstance: {fileID: 0}
  m_PrefabAsset: {fileID: 0}
  serializedVersion: 6
  m_Component:
  - component: {fileID: 382774412989491182}
  - component: {fileID: 8925203427436676840}
  - component: {fileID: 382774412989491183}
  - component: {fileID: 382774412989491181}
  - component: {fileID: 382774412989491168}
  m_Layer: 0
  m_Name: SquareDino
  m_TagString: Untagged
  m_Icon: {fileID: 2800000, guid: 2fa747221b7c8484cbd622bcf6f9cbb2, type: 3}
  m_NavMeshLayer: 0
  m_StaticEditorFlags: 0
  m_IsActive: 1
--- !u!4 &382774412989491182
Transform:
  m_ObjectHideFlags: 0
  m_CorrespondingSourceObject: {fileID: 0}
  m_PrefabInstance: {fileID: 0}
  m_PrefabAsset: {fileID: 0}
  m_GameObject: {fileID: 382774412989491169}
  m_LocalRotation: {x: 0, y: 0, z: 0, w: 1}
  m_LocalPosition: {x: 0, y: 0, z: 0}
  m_LocalScale: {x: 1, y: 1, z: 1}
  m_Children:
  - {fileID: 382774411836292041}
  m_Father: {fileID: 0}
  m_RootOrder: 0
  m_LocalEulerAnglesHint: {x: 0, y: 0, z: 0}
--- !u!114 &8925203427436676840
MonoBehaviour:
  m_ObjectHideFlags: 0
  m_CorrespondingSourceObject: {fileID: 0}
  m_PrefabInstance: {fileID: 0}
  m_PrefabAsset: {fileID: 0}
  m_GameObject: {fileID: 382774412989491169}
  m_Enabled: 1
  m_EditorHideFlags: 0
  m_Script: {fileID: 11500000, guid: 4b8c82d94976f4631af57d9dbd370917, type: 3}
  m_Name: 
  m_EditorClassIdentifier: 
--- !u!114 &382774412989491183
MonoBehaviour:
  m_ObjectHideFlags: 0
  m_CorrespondingSourceObject: {fileID: 0}
  m_PrefabInstance: {fileID: 0}
  m_PrefabAsset: {fileID: 0}
  m_GameObject: {fileID: 382774412989491169}
  m_Enabled: 1
  m_EditorHideFlags: 0
  m_Script: {fileID: 11500000, guid: fb544da105743461299da90c19864a25, type: 3}
  m_Name: 
  m_EditorClassIdentifier: 
--- !u!114 &382774412989491181
MonoBehaviour:
  m_ObjectHideFlags: 0
  m_CorrespondingSourceObject: {fileID: 0}
  m_PrefabInstance: {fileID: 0}
  m_PrefabAsset: {fileID: 0}
  m_GameObject: {fileID: 382774412989491169}
  m_Enabled: 1
  m_EditorHideFlags: 0
  m_Script: {fileID: 11500000, guid: 398605f6785a14eaca43df86a966bdf1, type: 3}
  m_Name: 
  m_EditorClassIdentifier: 
  icon: {fileID: 2800000, guid: 2fa747221b7c8484cbd622bcf6f9cbb2, type: 3}
  gameName: Slingshot Wreck
  bundleVersion: 0.0.1
  logo: {fileID: 21300000, guid: 5baaec24bbe284f6eb2cbfe5a54a08f1, type: 3}
--- !u!114 &382774412989491168
MonoBehaviour:
  m_ObjectHideFlags: 0
  m_CorrespondingSourceObject: {fileID: 0}
  m_PrefabInstance: {fileID: 0}
  m_PrefabAsset: {fileID: 0}
  m_GameObject: {fileID: 382774412989491169}
  m_Enabled: 1
  m_EditorHideFlags: 0
  m_Script: {fileID: 11500000, guid: 9fa54dccf28fd4dc0b6247d32470e6e0, type: 3}
  m_Name: 
  m_EditorClassIdentifier: 
  iOs: 0
  iOsFaceboook: 0
  iOsGameAnalytics: 0
  iOsAppsFlyer: 0
  iOsFlurry: 0
  iOsTenjin: 0
  iOsIronSource: 0
  android: 0
  androidFaceboook: 0
  androidGameAnalytics: 0
  androidAppsFlyer: 0
  androidFlurry: 0
  androidTenjin: 0
  androidIronSource: 0
